[Event "Rated Blitz tournament HWIB9OSV"]
[Site "?"]
[Date "2021.05.30"]
[Round "?"]
[White "MarcAnciaux"]
[Black "Bleichkind"]
[Result "0-1"]
[ECO "C42"]
[WhiteElo "2244"]
[BlackElo "2434"]
[PlyCount "152"]
[EventDate "2021.??.??"]
[EventType "blitz"]
[TimeControl "180"]

1. e4 e5 2. Nf3 Nf6 3. Nxe5 d6 4. Nxf7 Kxf7 5. Nc3 g6 6. d4 Nc6 7. Bc4+ Kg7 8.
O-O Be7 9. f4 Rf8 10. d5 Nb8 11. Be3 Nbd7 12. Qd2 Nb6 13. Bd3 Kg8 14. a4 Nbd7
15. Rae1 Ng4 16. Bd4 Bf6 17. Ne2 Bxd4+ 18. Nxd4 Nc5 19. h3 Nf6 20. b3 Nh5 21.
Rf3 Qh4 22. Ref1 Bd7 23. b4 Nxa4 24. Ne6 Bxe6 25. dxe6 Nb6 26. f5 Kg7 27. f6+
Rxf6 28. Qc3 c6 29. e5 dxe5 30. Qxe5 Raf8 31. e7 Re8 32. g3 Nd7 33. Qc7 Qd4+
34. Kg2 Rxe7 35. Rxf6 Nhxf6 36. Qf4 Qxf4 37. Rxf4 Nd5 38. Rd4 Ne5 39. c4 Nxd3
40. Rxd3 Nxb4 41. Rb3 a5 42. c5 Re5 43. Rc3 Rd5 44. Kf3 a4 45. Ke4 Rd2 46. Ra3
Ra2 47. Rxa2 Nxa2 48. Ke5 Nb4 49. Kd6 a3 50. Kc7 a2 51. Kc8 a1=Q 52. Kc7 Qc3
53. Kc8 Qxc5 54. Kb8 Qe3 55. Kc8 Qxg3 56. Kd8 Qxh3 57. Kc7 Qf5 58. Kb6 Nd5+ 59.
Ka7 Nc7 60. Kb8 b5 61. Kb7 c5 62. Kb6 b4 63. Kxc7 g5 64. Kc6 Kg6 65. Kd6 c4 66.
Kc6 c3 67. Kd6 b3 68. Ke7 g4 69. Ke8 h5 70. Kd8 h4 71. Kc7 h3 72. Kd6 h2 73.
Ke7 h1=Q 74. Kd8 Qh7 75. Ke8 Qff7+ 76. Kd8 Qfg8# {Normal} 0-1

[Event "Rated Rapid game"]
[Site "?"]
[Date "2021.05.30"]
[Round "?"]
[White "Xanax_2mg"]
[Black "ppdes"]
[Result "0-1"]
[ECO "C42"]
[WhiteElo "2350"]
[BlackElo "2410"]
[PlyCount "140"]
[EventDate "2021.??.??"]
[EventType "rapid"]
[TimeControl "600"]

1. e4 e5 2. Nf3 Nf6 3. Nxe5 d6 4. Nxf7 Kxf7 5. Bc4+ d5 6. exd5 Bd6 7. O-O Rf8
8. d4 Kg8 9. Bg5 a6 10. Bb3 Nbd7 11. c4 b6 12. Nc3 Qe8 13. h3 Qg6 14. Qd2 Nh5
15. Bc2 Qf7 16. Rae1 Nf4 17. Ne4 Qh5 18. Bxf4 Bxf4 19. Qd3 Nf6 20. Nxf6+ Rxf6
21. Re7 Bf5 22. Qe2 Qxe2 23. Rxe2 Bxc2 24. Rxc2 Re8 25. g3 Bh6 26. Rd1 Rd6 27.
a4 a5 28. Kf1 g6 29. Re2 Rxe2 30. Kxe2 Bg7 31. Kd3 c6 32. Ke4 cxd5+ 33. cxd5
Kf7 34. Rc1 Ke7 35. Rc7+ Rd7 36. Rc6 Rb7 37. f4 Bf6 38. g4 Kf7 39. b3 Be7 40.
d6 Bd8 41. f5 gxf5+ 42. Kxf5 Ke8 43. Ke6 Rg7 44. d5 Rg6+ 45. Ke5 Kd7 46. Rc1
Rg5+ 47. Ke4 Kxd6 48. Rc6+ Kd7 49. Rh6 Rg7 50. Kf5 Rf7+ 51. Ke5 Bc7+ 52. d6 Bd8
53. h4 Rg7 54. g5 Kc6 55. Ke6 Rd7 56. Ke5 Kc5 57. Re6 Kb4 58. Kf5 Kxb3 59. h5
Kxa4 60. g6 hxg6+ 61. hxg6 Kb3 62. Re3+ Kc4 63. Ke6 Rg7 64. Re4+ Kc5 65. Rg4 a4
66. d7 b5 67. Rg5+ Kc6 68. Rg1 b4 69. Rg4 Kb5 70. Rg5+ Bxg5 {Normal} 0-1

[Event "Rated Blitz game"]
[Site "?"]
[Date "2021.05.30"]
[Round "?"]
[White "ExRom"]
[Black "Wernad"]
[Result "1-0"]
[ECO "C42"]
[WhiteElo "2435"]
[BlackElo "2419"]
[PlyCount "47"]
[EventDate "2021.??.??"]
[EventType "blitz"]
[TimeControl "180+2"]

1. e4 e5 2. Nf3 Nf6 3. Nxe5 d6 4. Nxf7 Kxf7 5. Nc3 c6 6. d4 g6 7. Be3 d5 8. Qd2
Nxe4 9. Nxe4 dxe4 10. Bc4+ Be6 11. Bxe6+ Kxe6 12. O-O-O Qd5 13. Kb1 Kf7 14. f3
Na6 15. Rhf1 Ke8 16. fxe4 Qb5 17. Qf2 Be7 18. Qf7+ Kd8 19. d5 Rf8 20. dxc6+ Kc8
21. Qe6+ Kc7 22. Qd7+ Kb8 23. Rxf8+ Bxf8 24. Qd8# {Normal} 1-0

[Event "Rated Blitz game"]
[Site "?"]
[Date "2021.05.30"]
[Round "?"]
[White "suslik76"]
[Black "Samhouri"]
[Result "0-1"]
[ECO "C42"]
[WhiteElo "2481"]
[BlackElo "2399"]
[PlyCount "38"]
[EventDate "2021.??.??"]
[EventType "blitz"]
[TimeControl "180"]

1. e4 e5 2. Nf3 Nf6 3. Nxe5 d6 4. Nxf7 Kxf7 5. Nc3 c5 6. Bc4+ Be6 7. Bxe6+ Kxe6
8. d4 cxd4 9. Qxd4 Nc6 10. Qc4+ Kd7 11. Bg5 Be7 12. O-O-O Qa5 13. f4 Rac8 14.
e5 Nxe5 15. Qb3 Nc4 16. Qxb7+ Rc7 17. Qf3 Rb8 18. Nd5 Nxd5 19. Rxd5 Qxa2 {
Normal} 0-1

[Event "Rated Blitz game"]
[Site "?"]
[Date "2021.05.30"]
[Round "?"]
[White "MuffinouBrownie"]
[Black "Ihsan_Kilic"]
[Result "1-0"]
[ECO "C42"]
[WhiteElo "2434"]
[BlackElo "2397"]
[PlyCount "31"]
[EventDate "2021.??.??"]
[EventType "blitz"]
[TimeControl "180"]

1. e4 e5 2. Nf3 Nf6 3. Nxe5 d6 4. Nxf7 Kxf7 5. d4 Qe8 6. Nc3 g6 7. Bc4+ d5 8.
Bb3 c6 9. e5 Nfd7 10. O-O Bb4 11. f4 Bxc3 12. bxc3 Nf8 13. g4 Kg7 14. f5 gxf5
15. gxf5 Qh5 16. Qxh5 {Normal} 1-0

[Event "Rated Blitz game"]
[Site "?"]
[Date "2021.05.29"]
[Round "?"]
[White "Salvaged_Dirt"]
[Black "semnik"]
[Result "1-0"]
[ECO "C42"]
[WhiteElo "2508"]
[BlackElo "2474"]
[PlyCount "111"]
[EventDate "2021.??.??"]
[EventType "blitz"]
[TimeControl "180"]

1. e4 e5 2. Nf3 Nf6 3. Nxe5 d6 4. Nxf7 Kxf7 5. d4 c6 6. Nc3 Be6 7. Be2 Be7 8.
f4 Re8 9. f5 Bc8 10. O-O Kg8 11. e5 dxe5 12. dxe5 Qxd1 13. Bxd1 Nd5 14. Ne4 Nd7
15. c4 N5b6 16. e6 Nf6 17. Nxf6+ Bxf6 18. Bb3 c5 19. Be3 Bxe6 20. fxe6 Rxe6 21.
Bxc5 Rc6 22. Ba3 Nxc4 23. Rac1 b5 24. Rf4 Rac8 25. h4 h6 26. g3 Kh8 27. Bxc4
bxc4 28. Rc2 Rb8 29. Rfxc4 Rxc4 30. Rxc4 Bxb2 31. Ra4 Bf6 32. Kg2 Rb7 33. Kf3
Kh7 34. h5 Rf7 35. Kg4 Bg5 36. Bc5 Rc7 37. Bxa7 Bf6 38. Bd4 Be7 39. Ra7 Rxa7
40. Bxa7 Ba3 41. Kf5 Kg8 42. Kg6 Bd6 43. a4 Bxg3 44. Bd4 Bc7 45. Bxg7 Ba5 46.
Bxh6 Bc3 47. Be3 Kh8 48. h6 Kg8 49. h7+ Kf8 50. a5 Ke7 51. a6 Kd7 52. a7 Kd6
53. Bf4+ Kd5 54. h8=Q Kc4 55. Qg8+ Kd3 56. Qb3 {Time forfeit} 1-0

[Event "Rated Blitz game"]
[Site "?"]
[Date "2021.05.29"]
[Round "?"]
[White "Doubleb17"]
[Black "Akaineco"]
[Result "1/2-1/2"]
[ECO "C42"]
[WhiteElo "2418"]
[BlackElo "2322"]
[PlyCount "52"]
[EventDate "2021.??.??"]
[EventType "blitz"]
[TimeControl "180"]

1. e4 e5 2. Nf3 Nf6 3. Nxe5 d6 4. Nxf7 Kxf7 5. Nc3 c5 6. d4 Nc6 7. d5 Nd4 8.
Be3 Be7 9. Bxd4 cxd4 10. Qxd4 Qb6 11. Qxb6 axb6 12. f3 Bd7 13. Bb5 Rhc8 14.
Bxd7 Nxd7 15. Kd2 Bf6 16. f4 Bxc3+ 17. bxc3 Nc5 18. Rhe1 Ra4 19. e5 Rxf4 20.
e6+ Ke7 21. Rf1 Rcf8 22. Rxf4 Rxf4 23. Ke3 Re4+ 24. Kd2 Rf4 25. Ke3 Re4+ 26.
Kd2 Rf4 {Normal} 1/2-1/2

[Event "Rated Blitz game"]
[Site "?"]
[Date "2021.05.29"]
[Round "?"]
[White "Benj_78"]
[Black "Bleichkind"]
[Result "0-1"]
[ECO "C42"]
[WhiteElo "2339"]
[BlackElo "2408"]
[PlyCount "88"]
[EventDate "2021.??.??"]
[EventType "blitz"]
[TimeControl "180"]

1. e4 e5 2. Nf3 Nf6 3. Nxe5 d6 4. Nxf7 Kxf7 5. Bc4+ Be6 6. Bxe6+ Kxe6 7. O-O g6
8. d4 Bg7 9. f4 Re8 10. e5 Nd5 11. c4 Nb6 12. d5+ Kf7 13. e6+ Kg8 14. Qd3 Na6
15. a3 Nc5 16. Qc2 Qf6 17. Nd2 a5 18. Rb1 a4 19. Nf3 c6 20. Rd1 cxd5 21. cxd5
Rac8 22. Qe2 Nb3 23. Be3 Nc4 24. Ng5 Nxe3 25. Qxe3 Qd4 26. Rxd4 Bxd4 27. Qxd4
Nxd4 28. Kf2 Rc5 29. Rd1 Rxd5 30. Nf3 Rxe6 31. Rxd4 Rxd4 32. Nxd4 Re4 33. Ne2
Rc4 34. Nc3 Rxf4+ 35. Ke3 Rf1 36. Nxa4 Rg1 37. Kf2 Rc1 38. Ke3 Rc2 39. Kf3 b5
40. Nc3 Rxb2 41. Ne4 Rb3+ 42. Ke2 Rxa3 43. Nxd6 b4 44. Kd2 Ra2+ {Normal} 0-1

[Event "Rated Blitz game"]
[Site "?"]
[Date "2021.05.29"]
[Round "?"]
[White "Libyan-Twix"]
[Black "al41ex"]
[Result "0-1"]
[ECO "C42"]
[WhiteElo "2408"]
[BlackElo "2395"]
[PlyCount "80"]
[EventDate "2021.??.??"]
[EventType "blitz"]
[TimeControl "180+2"]

1. e4 e5 2. Nf3 Nf6 3. Nxe5 d6 4. Nxf7 Kxf7 5. Nc3 c6 6. d4 Be7 7. Bc4+ d5 8.
exd5 cxd5 9. Nxd5 Be6 10. Ne3 Bxc4 11. Nxc4 Re8 12. O-O Kg8 13. c3 Nbd7 14. Qb3
Kh8 15. Bf4 Nb6 16. Ne5 Qd5 17. Rfe1 Qxb3 18. axb3 Nbd5 19. Bd2 a5 20. Ra2 b6
21. Rea1 Rac8 22. Kf1 Kg8 23. Re1 Bd6 24. f4 g6 25. h3 Kg7 26. Kf2 Rf8 27. Kg1
Nh5 28. Nd7 Rfe8 29. c4 Nb4 30. Bxb4 Bxb4 31. Rxe8 Rxe8 32. Nxb6 Nxf4 33. Ra1
Re2 34. Rf1 Nxg2 35. c5 Ne3 36. Rf2 Re1+ 37. Kh2 Rd1 38. c6 Rxd4 39. c7 Bd6+
40. Kg1 Rd1+ {Normal} 0-1

[Event "Rated Blitz game"]
[Site "?"]
[Date "2021.05.28"]
[Round "?"]
[White "Tinopov"]
[Black "Benj_78"]
[Result "1/2-1/2"]
[ECO "C42"]
[WhiteElo "2413"]
[BlackElo "2362"]
[PlyCount "78"]
[EventDate "2021.??.??"]
[EventType "blitz"]
[TimeControl "180"]

1. e4 e5 2. Nf3 Nf6 3. Nxe5 d6 4. Nxf7 Kxf7 5. d4 c6 6. Nc3 Be7 7. Bd3 Bg4 8.
f3 Bh5 9. O-O Bg6 10. Kh1 Re8 11. Ne2 Kg8 12. Nf4 Bf7 13. c4 Nbd7 14. b3 Nf8
15. Bb2 Ng6 16. Ne2 Qd7 17. f4 Bf8 18. e5 Ng4 19. f5 Ne3 20. Qc1 Nxf1 21. e6
Bxe6 22. fxg6 hxg6 23. Qxf1 Bf5 24. Ng3 Bxd3 25. Qxd3 Qg4 26. Rf1 Re7 27. h3
Qg5 28. Bc1 Qh4 29. Qxg6 Rae8 30. Nf5 Qe4 31. Kh2 d5 32. Rf4 Qe1 33. Nh6+ Kh8
34. Nf7+ Rxf7 35. Qxf7 Bd6 36. Qh5+ Kg8 37. Qf7+ Kh8 38. Qh5+ Kg8 39. Qf7+ Kh8
{Normal} 1/2-1/2

[Event "Rated Blitz game"]
[Site "?"]
[Date "2021.05.27"]
[Round "?"]
[White "ahmetyasir"]
[Black "RobertMugabe"]
[Result "1-0"]
[ECO "C42"]
[WhiteElo "2458"]
[BlackElo "2316"]
[PlyCount "69"]
[EventDate "2021.??.??"]
[EventType "blitz"]
[TimeControl "180+2"]

1. e4 e5 2. Nf3 Nf6 3. Nxe5 d6 4. Nxf7 Kxf7 5. Bc4+ Be6 6. Bxe6+ Kxe6 7. O-O
Be7 8. f4 Kf7 9. Nc3 c6 10. d4 Rf8 11. e5 Nd5 12. Ne4 Kg8 13. c4 dxe5 14. cxd5
Qxd5 15. dxe5 Qxe4 16. Qb3+ Kh8 17. Qxb7 Bc5+ 18. Kh1 Qe2 19. Bd2 Na6 20. Bc3
Rac8 21. e6 Rc7 22. Qb3 Rb8 23. Qa4 Qb5 24. Qe4 Re8 25. f5 Be7 26. a4 Qd5 27.
Qg4 Bf6 28. Bxf6 gxf6 29. Rad1 Rg7 30. Qe2 Qb3 31. Qxa6 Qxb2 32. Rg1 Reg8 33.
Qf1 c5 34. Rd7 Re7 35. Rxe7 {Time forfeit} 1-0

[Event "Rated Blitz game"]
[Site "?"]
[Date "2021.05.27"]
[Round "?"]
[White "Tinopov"]
[Black "SPSS"]
[Result "0-1"]
[ECO "C42"]
[WhiteElo "2424"]
[BlackElo "2311"]
[PlyCount "88"]
[EventDate "2021.??.??"]
[EventType "blitz"]
[TimeControl "180"]

1. e4 e5 2. Nf3 Nf6 3. Nxe5 d6 4. Nxf7 Kxf7 5. d4 Qe8 6. Nc3 Be6 7. d5 Bd7 8.
Bd3 Kg8 9. O-O Qh5 10. f3 Na6 11. a3 Re8 12. Be3 Nc5 13. Bxc5 dxc5 14. Bc4 Bd6
15. g3 a6 16. a4 h6 17. Qd3 Qg6 18. Rf2 Kh7 19. Qd2 Qh5 20. Raf1 Rhf8 21. Bd3
Kh8 22. b3 Bh3 23. Re1 Be5 24. Bf1 Bd4 25. Bxh3 Qxh3 26. Nd1 Nh5 27. c3 Bxf2+
28. Nxf2 Qd7 29. Re3 b5 30. axb5 axb5 31. c4 b4 32. Rd3 Qd6 33. Re3 Nxg3 34.
hxg3 Qxg3+ 35. Kf1 Rxf3 36. Rxf3 Qxf3 37. d6 cxd6 38. Qxd6 Rxe4 39. Qxc5 Rf4
40. Qc8+ Kh7 41. Qc5 Qxb3 42. Kg2 Qf3+ 43. Kf1 b3 44. Qd5 Qxf2# {Normal} 0-1

[Event "Rated Blitz game"]
[Site "?"]
[Date "2021.05.26"]
[Round "?"]
[White "Quasi_Mister_Obasi"]
[Black "Rashad2018"]
[Result "0-1"]
[ECO "C42"]
[WhiteElo "2486"]
[BlackElo "2533"]
[PlyCount "56"]
[EventDate "2021.??.??"]
[EventType "blitz"]
[TimeControl "180+2"]

1. e4 e5 2. Nf3 Nf6 3. Nxe5 d6 4. Nxf7 Kxf7 5. Nc3 c5 6. d4 cxd4 7. Qxd4 Nc6 8.
Bc4+ d5 9. Bxd5+ Nxd5 10. Qxd5+ Qxd5 11. Nxd5 Nd4 12. Ne3 Bc5 13. O-O Re8 14.
c3 Ne2+ 15. Kh1 Nxc1 16. Raxc1 Rxe4 17. Nd5 Bd7 18. b4 Bd6 19. a3 Bb5 20. Rfd1
Rae8 21. f3 Re2 22. c4 Ba4 23. Rg1 Bc6 24. Nc3 Rf2 25. b5 Bxf3 26. c5 Bf4 27.
Ra1 Re6 28. Ra2 Rh6 {Normal} 0-1

[Event "Rated Blitz game"]
[Site "?"]
[Date "2021.05.26"]
[Round "?"]
[White "LudovicM59"]
[Black "compte_galere"]
[Result "1-0"]
[ECO "C42"]
[WhiteElo "2486"]
[BlackElo "2499"]
[PlyCount "109"]
[EventDate "2021.??.??"]
[EventType "blitz"]
[TimeControl "180"]

1. e4 e5 2. Nf3 Nf6 3. Nxe5 d6 4. Nxf7 Kxf7 5. Nc3 Be6 6. d4 c5 7. d5 Bg4 8. f3
Bh5 9. Bc4 Nbd7 10. g4 Bg6 11. g5 Nh5 12. f4 Be7 13. Be2 Nxf4 14. Bxf4 Bxg5 15.
Bxd6 Re8 16. O-O+ Kg8 17. Bg4 Bxe4 18. Nxe4 Rxe4 19. Qf3 Nf6 20. Be6+ Rxe6 21.
dxe6 Qxd6 22. Qxb7 Re8 23. Rae1 h6 24. Rxf6 Bxf6 25. Qf7+ Kh7 26. Qxe8 Bd4+ 27.
Kg2 Qd5+ 28. Kg3 Qg5+ 29. Kf3 Qf5+ 30. Ke2 Qf4 31. Qf7 Qxh2+ 32. Kd3 Qg3+ 33.
Kd2 Bxb2 34. Qf5+ Kg8 35. Re3 Bc1+ 36. Kxc1 Qxe3+ 37. Kd1 Qd4+ 38. Ke2 Qf6 39.
Qd5 Kf8 40. Qxc5+ Qe7 41. Qf5+ Ke8 42. Qg6+ Kd8 43. c4 Kc7 44. Qf5 Kd6 45. Qd5+
Kc7 46. c5 Qf6 47. Qd6+ Kb7 48. c6+ Kb6 49. c7+ Kb7 50. c8=Q+ Kxc8 51. Qd7+ Kb8
52. e7 Qe5+ 53. Kd3 Qd5+ 54. Qxd5 Kc7 55. Qd8+ {Normal} 1-0

[Event "Rated Blitz game"]
[Site "?"]
[Date "2021.05.26"]
[Round "?"]
[White "Belyakov_Bogdan"]
[Black "compte_galere"]
[Result "0-1"]
[ECO "C42"]
[WhiteElo "2625"]
[BlackElo "2481"]
[PlyCount "72"]
[EventDate "2021.??.??"]
[EventType "blitz"]
[TimeControl "180"]

1. e4 e5 2. Nf3 Nf6 3. Nxe5 d6 4. Nxf7 Kxf7 5. Bc4+ Be6 6. Bxe6+ Kxe6 7. O-O c5
8. Nc3 Be7 9. d4 cxd4 10. Qxd4 Nc6 11. Qc4+ Kd7 12. f4 Rc8 13. Be3 Kc7 14. b4
Kb8 15. b5 Na5 16. Qb4 d5 17. Qd4 Bc5 18. Qe5+ Ka8 19. Bxc5 Rxc5 20. Nxd5 Nxd5
21. Rad1 Qb6 22. Kh1 Ne3 23. Qxg7 Rhc8 24. e5 Nxf1 25. Rxf1 Qxb5 26. Rg1 Rxc2
27. e6 Rc1 28. h3 Rxg1+ 29. Kxg1 Re8 30. Qf7 Qc5+ 31. Kh1 Qe7 32. Qxe7 Rxe7 33.
f5 Nc6 34. g3 Nd8 35. g4 Nxe6 36. fxe6 Rxe6 {Normal} 0-1

[Event "Rated Blitz game"]
[Site "?"]
[Date "2021.05.26"]
[Round "?"]
[White "io_11"]
[Black "profmathe2016"]
[Result "1-0"]
[ECO "C42"]
[WhiteElo "2387"]
[BlackElo "2424"]
[PlyCount "53"]
[EventDate "2021.??.??"]
[EventType "blitz"]
[TimeControl "180"]

1. e4 e5 2. Nf3 Nf6 3. Nxe5 d6 4. Nxf7 Kxf7 5. Nc3 Be6 6. d4 c6 7. f4 d5 8. e5
Nfd7 9. Bd3 g6 10. O-O Qb6 11. Ne2 Bg7 12. f5 gxf5 13. c3 Rf8 14. Nf4 Nxe5 15.
Qh5+ Ng6 16. Nxe6 Kxe6 17. Bxf5+ Kd6 18. Qxh7 Bxd4+ 19. cxd4 Qxd4+ 20. Kh1 Rf6
21. Bg5 Nf8 22. Qh8 Nbd7 23. Bxf6 Qxf6 24. Qh3 Qg7 25. Rae1 Ne5 26. Qa3+ Kc7
27. Qc3 {Time forfeit} 1-0

[Event "Rated Blitz game"]
[Site "?"]
[Date "2021.05.26"]
[Round "?"]
[White "LudovicM59"]
[Black "micfel"]
[Result "1-0"]
[ECO "C42"]
[WhiteElo "2491"]
[BlackElo "2436"]
[PlyCount "81"]
[EventDate "2021.??.??"]
[EventType "blitz"]
[TimeControl "180"]

1. e4 e5 2. Nf3 Nf6 3. Nxe5 d6 4. Nxf7 Kxf7 5. Nc3 c6 6. d4 Be7 7. f4 Re8 8.
Bd3 Kg8 9. O-O Qb6 10. Bc4+ d5 11. exd5 cxd5 12. Nxd5 Nxd5 13. Bxd5+ Be6 14.
Bxe6+ Qxe6 15. Qf3 Qd7 16. d5 Bf6 17. Qb3 Na6 18. Be3 Rxe3 19. Qxe3 Qxd5 20.
Qb3 Qxb3 21. axb3 Bxb2 22. Rad1 Rc8 23. Rd7 Nc5 24. Rd5 a5 25. g3 Bf6 26. Re1
Kf7 27. g4 h6 28. Kg2 b6 29. Kg3 Rc7 30. h4 Na6 31. c4 Nc5 32. Re3 Be7 33. g5
hxg5 34. hxg5 g6 35. Kg4 Rd7 36. Rxd7 Nxd7 37. f5 gxf5+ 38. Kxf5 Nc5 39. g6+
Kf8 40. g7+ Kf7 41. Rxe7+ {Normal} 1-0

[Event "Rated Blitz game"]
[Site "?"]
[Date "2021.05.26"]
[Round "?"]
[White "RiskyBlitzer"]
[Black "uriberto"]
[Result "0-1"]
[ECO "C42"]
[WhiteElo "2509"]
[BlackElo "2548"]
[PlyCount "90"]
[EventDate "2021.??.??"]
[EventType "blitz"]
[TimeControl "300"]

1. e4 e5 2. Nf3 Nf6 3. Nxe5 d6 4. Nxf7 Kxf7 5. d4 c6 6. Nc3 g6 7. Be2 Bg7 8.
O-O Rf8 9. f4 Kg8 10. g4 Qb6 11. Kh1 Re8 12. e5 Nd5 13. Nxd5 cxd5 14. Bf3 Be6
15. Qd3 Nc6 16. c3 dxe5 17. dxe5 Rad8 18. Be3 Qxb2 19. Rfb1 Qa3 20. Rxb7 Re7
21. Rb3 Qa4 22. Bd4 Nxd4 23. cxd4 Rf8 24. f5 gxf5 25. g5 Qc4 26. Qd2 Rc7 27.
Bd1 f4 28. Bf3 Qc2 29. Qxc2 Rxc2 30. Rb5 Rd8 31. a4 Rc3 32. Rf1 Rc4 33. Rb7
Rxa4 34. Bd1 Rxd4 35. Rxa7 Bxe5 36. Re7 Rd6 37. Bg4 Bxg4 38. Rxe5 f3 39. Kg1
Rd2 40. h4 Bh5 41. Rf2 Rxf2 42. Kxf2 d4 43. Re1 d3 44. Rd1 d2 45. Kg3 f2 {
Normal} 0-1

[Event "Rated Blitz game"]
[Site "?"]
[Date "2021.05.26"]
[Round "?"]
[White "LudovicM59"]
[Black "DoctorCaligari"]
[Result "0-1"]
[ECO "C42"]
[WhiteElo "2488"]
[BlackElo "2382"]
[PlyCount "62"]
[EventDate "2021.??.??"]
[EventType "blitz"]
[TimeControl "180"]

1. e4 e5 2. Nf3 Nf6 3. Nxe5 d6 4. Nxf7 Kxf7 5. Nc3 c5 6. d4 Bg4 7. f3 cxd4 8.
Bc4+ d5 9. Nxd5 Nxd5 10. Bxd5+ Be6 11. Qxd4 Bxd5 12. exd5 Bd6 13. Be3 Nd7 14.
O-O-O Nf6 15. Rhe1 Re8 16. Bg5 Qb6 17. Qxb6 axb6 18. Rxe8 Rxe8 19. Bxf6 Kxf6
20. g3 Re2 21. Rd2 Re1+ 22. Rd1 Rxd1+ 23. Kxd1 Ke5 24. c4 Kd4 25. b3 Ke3 26. f4
Kf3 27. Kd2 Kg2 28. Ke3 Kxh2 29. Kf3 h5 30. g4 h4 31. g5 h3 {Normal} 0-1

[Event "Rated Blitz game"]
[Site "?"]
[Date "2021.05.26"]
[Round "?"]
[White "GreySharkfanclubbot"]
[Black "Knightrouble"]
[Result "0-1"]
[ECO "C42"]
[WhiteElo "2418"]
[BlackElo "2331"]
[PlyCount "28"]
[EventDate "2021.??.??"]
[EventType "blitz"]
[TimeControl "180+2"]

1. e4 e5 2. Nf3 Nf6 3. Nxe5 d6 4. Nxf7 Kxf7 5. d4 c5 6. dxc5 Nc6 7. Bc4+ Be6 8.
Bxe6+ Kxe6 9. cxd6 Qxd6 10. Qxd6+ Bxd6 11. Nc3 Nd4 12. O-O Nxc2 13. f4 Bc5+ 14.
Kh1 Nxa1 {Normal} 0-1

[Event "Rated Blitz game"]
[Site "?"]
[Date "2021.05.25"]
[Round "?"]
[White "Campeondepaz"]
[Black "valorantplayer26"]
[Result "0-1"]
[ECO "C42"]
[WhiteElo "2308"]
[BlackElo "2479"]
[PlyCount "36"]
[EventDate "2021.??.??"]
[EventType "blitz"]
[TimeControl "300"]

1. e4 e5 2. Nf3 Nf6 3. Nxe5 d6 4. Nxf7 Kxf7 5. d4 c5 6. dxc5 Qa5+ 7. Nd2 d5 8.
exd5 Bf5 9. Bc4 Qxc5 10. d6+ Be6 11. Bxe6+ Kxe6 12. O-O Bxd6 13. Nb3 Qc7 14.
Nd4+ Kf7 15. Nb5 Bxh2+ 16. Kh1 Qc4 17. Nd6+ Bxd6 18. Qxd6 Qxf1+ {Normal} 0-1

[Event "Rated Blitz tournament 6fPUX9lI"]
[Site "?"]
[Date "2021.05.25"]
[Round "?"]
[White "Mamedov_Rasim"]
[Black "YaYestGrut"]
[Result "0-1"]
[ECO "C42"]
[WhiteElo "2250"]
[BlackElo "2446"]
[PlyCount "26"]
[EventDate "2021.??.??"]
[EventType "blitz"]
[TimeControl "180"]

1. e4 e5 2. Nf3 Nf6 3. Nxe5 d6 4. Nxf7 Kxf7 5. d4 c5 6. c3 Be7 7. Bc4+ d5 8.
exd5 b5 9. Bxb5 Qxd5 10. O-O Bb7 11. f3 cxd4 12. c4 Qh5 13. Qxd4 Bc5 {Normal}
0-1

[Event "Rated Blitz game"]
[Site "?"]
[Date "2021.05.25"]
[Round "?"]
[White "Aleksandr805"]
[Black "mkharin"]
[Result "1-0"]
[ECO "C42"]
[WhiteElo "2409"]
[BlackElo "2350"]
[PlyCount "61"]
[EventDate "2021.??.??"]
[EventType "blitz"]
[TimeControl "180"]

1. e4 e5 2. Nf3 Nf6 3. Nxe5 d6 4. Nxf7 Kxf7 5. d4 c5 6. Bc4+ Be6 7. Bxe6+ Kxe6
8. dxc5 Nc6 9. cxd6 Bxd6 10. O-O Kf7 11. Bg5 Re8 12. Nc3 Be5 13. Nd5 Kg8 14. c3
h6 15. Bxf6 Bxf6 16. Nxf6+ Qxf6 17. h3 Rxe4 18. Qb3+ Qf7 19. Qc2 Rae8 20. Rad1
Qxa2 21. Rd7 R4e7 22. Rfd1 Qf7 23. R7d5 Re1+ 24. Rxe1 Rxe1+ 25. Kh2 Qf4+ 26. g3
Qc1 27. Qxc1 Rxc1 28. Rd7 Rc2 29. Rxb7 Rxf2+ 30. Kg1 Rxb2 31. Rxb2 {Normal} 1-0

[Event "Rated Blitz game"]
[Site "?"]
[Date "2021.05.24"]
[Round "?"]
[White "Berovski"]
[Black "compte_galere"]
[Result "1-0"]
[ECO "C42"]
[WhiteElo "2474"]
[BlackElo "2478"]
[PlyCount "57"]
[EventDate "2021.??.??"]
[EventType "blitz"]
[TimeControl "180"]

1. e4 e5 2. Nf3 Nf6 3. Nxe5 d6 4. Nxf7 Kxf7 5. Bc4+ Be6 6. Bxe6+ Kxe6 7. O-O c5
8. c3 Qd7 9. d4 Nc6 10. d5+ Kf7 11. dxc6 Qxc6 12. Qb3+ d5 13. exd5 Qxd5 14. c4
Qc6 15. Nc3 Bd6 16. Nd5 Rhe8 17. Nxf6 Kxf6 18. Qd3 g6 19. Bd2 Rad8 20. Bc3+ Kf7
21. Qh3 Kg8 22. Rae1 Bf8 23. f4 Bg7 24. f5 gxf5 25. Rxe8+ Rxe8 26. Qxf5 Qc7 27.
Qd5+ Kh8 28. Rf7 Bd4+ 29. Bxd4+ {Normal} 1-0

[Event "Rated Blitz tournament HhgGN3lL"]
[Site "?"]
[Date "2021.05.24"]
[Round "?"]
[White "Saparmyrat"]
[Black "mukhIN_vladIK"]
[Result "1-0"]
[ECO "C42"]
[WhiteElo "2673"]
[BlackElo "2488"]
[PlyCount "73"]
[EventDate "2021.??.??"]
[EventType "blitz"]
[TimeControl "180"]

1. e4 e5 2. Nf3 Nf6 3. Nxe5 d6 4. Nxf7 Kxf7 5. Nc3 Be7 6. Bc4+ Be6 7. Bxe6+
Kxe6 8. d4 Re8 9. f4 Kf7 10. e5 Kg8 11. exf6 Bxf6+ 12. Kf2 Nc6 13. Be3 Qd7 14.
Nd5 Qf5 15. Nxf6+ Qxf6 16. Re1 Re4 17. Qf3 Rae8 18. c3 d5 19. Bd2 Qg6 20. Rxe4
dxe4 21. Qg3 e3+ 22. Bxe3 Qc2+ 23. Kg1 Qxb2 24. Rc1 Qe2 25. Re1 Qd3 26. Bf2
Rxe1+ 27. Bxe1 Qe4 28. h3 Ne7 29. Qh4 Kf7 30. Kh2 Nf5 31. Qh5+ Kf8 32. Bg3 Nxg3
33. Kxg3 h6 34. Qf3 Qf5 35. Qxb7 Qg6+ 36. Kh2 Qd3 37. Qb8+ {Normal} 1-0

[Event "Rated Blitz game"]
[Site "?"]
[Date "2021.05.24"]
[Round "?"]
[White "Brocha"]
[Black "Conan_mac_Morna"]
[Result "1-0"]
[ECO "C42"]
[WhiteElo "2441"]
[BlackElo "2266"]
[PlyCount "23"]
[EventDate "2021.??.??"]
[EventType "blitz"]
[TimeControl "180"]

1. e4 e5 2. Nf3 Nf6 3. Nxe5 d6 4. Nxf7 Kxf7 5. d4 Nc6 6. Nc3 g6 7. f3 Kg7 8.
Be3 Bd7 9. Qd2 h5 10. O-O-O Kh7 11. h4 Bh6 12. Bxh6 {Normal} 1-0

[Event "Rated Blitz game"]
[Site "?"]
[Date "2021.05.24"]
[Round "?"]
[White "PenguinBlue"]
[Black "uriberto"]
[Result "1/2-1/2"]
[ECO "C42"]
[WhiteElo "2378"]
[BlackElo "2537"]
[PlyCount "74"]
[EventDate "2021.??.??"]
[EventType "blitz"]
[TimeControl "300"]

1. e4 e5 2. Nf3 Nf6 3. Nxe5 d6 4. Nxf7 Kxf7 5. d4 c6 6. Nc3 g6 7. Bd3 Bg7 8.
O-O Rf8 9. f4 Kg8 10. h3 Qb6 11. Be3 Qxb2 12. Qd2 Be6 13. f5 gxf5 14. exf5 Bd5
15. g4 Nbd7 16. g5 Nh5 17. f6 Ndxf6 18. gxf6 Nxf6 19. Rab1 Qa3 20. Rxb7 Rae8
21. Bh6 Rf7 22. Rxf7 Kxf7 23. Qg5 Rg8 24. Nxd5 Bh8 25. Bg7 Rxg7 26. Rxf6+ Ke8
27. Bg6+ hxg6 28. Qh6 Kd7 29. Qxh8 Qg3+ 30. Kh1 Qe1+ 31. Kg2 Qe4+ 32. Kh2 Qe2+
33. Kg3 Qe1+ 34. Kg4 Qe2+ 35. Kg3 Qe1+ 36. Kg2 Qe4+ 37. Kg3 Qe1+ {Normal}
1/2-1/2

[Event "Rated Blitz game"]
[Site "?"]
[Date "2021.05.24"]
[Round "?"]
[White "Quasi_Mister_Obasi"]
[Black "Rafe_M"]
[Result "1-0"]
[ECO "C42"]
[WhiteElo "2486"]
[BlackElo "2498"]
[PlyCount "37"]
[EventDate "2021.??.??"]
[EventType "blitz"]
[TimeControl "180+2"]

1. e4 e5 2. Nf3 Nf6 3. Nxe5 d6 4. Nxf7 Kxf7 5. Nc3 c5 6. Bc4+ Be6 7. Bxe6+ Kxe6
8. d4 cxd4 9. Qxd4 Qc8 10. O-O Be7 11. Be3 Kf7 12. f4 Nc6 13. Qd3 Rd8 14. Rad1
Kg8 15. Qc4+ Kh8 16. h3 Bf8 17. g4 Re8 18. Bf2 Qe6 19. Nd5 {Time forfeit} 1-0

[Event "Rated Blitz game"]
[Site "?"]
[Date "2021.05.23"]
[Round "?"]
[White "Raspje"]
[Black "Shaginyan_A"]
[Result "1-0"]
[ECO "C42"]
[WhiteElo "2448"]
[BlackElo "2454"]
[PlyCount "37"]
[EventDate "2021.??.??"]
[EventType "blitz"]
[TimeControl "180"]

1. e4 e5 2. Nf3 Nf6 3. Nxe5 d6 4. Nxf7 Kxf7 5. d4 c5 6. dxc5 Nc6 7. Bd3 dxc5 8.
O-O Be6 9. f4 c4 10. f5 cxd3 11. fxe6+ Kxe6 12. cxd3 Bc5+ 13. Kh1 Nd4 14. Nc3
Rf8 15. Bg5 h6 16. Bh4 Qd7 17. Bxf6 Rxf6 18. Qg4+ Kd6 19. e5+ {Normal} 1-0